 Dungeon Crawl Stone Soup version 0.25.1-2-g60ff931df9 (webtiles) character file.

Game seed: 15911069650891462607

291309 sfoobar the Slayer (level 19, -1/200 HPs)
             Began as a Minotaur Berserker on Oct 12, 2020.
             Was a High Priest of Trog.
             Killed from afar by Nikola (21 damage)
             ... with a chain lightning
             ... on level 1 of the Vaults.
             The game lasted 02:36:55 (47522 turns).

sfoobar the Slayer (Minotaur Berserker)            Turns: 47522, Time: 02:36:56

Health: -1/200     AC: 32    Str: 27      XL:     19   Next: 96%
Magic:  17/18      EV: 25    Int:  3 (6)  God:    Trog [*****.]
Gold:   2255       SH:  0    Dex: 18      Spells: 18/18 levels left

rFire    . . .     SeeInvis +   p - +7 battleaxe "Spiderbane" {flame, MR+ Dex+5 Stlth-}
rCold    + + +     Gourm    .   (shield currently unavailable)
rNeg     . . .     Faith    +   A - +8 chain mail of Goqef {+Blink Int+2}
rPois    +         Spirit   .   (helmet restricted)
rElec    .         Reflect  .   I - +0 cloak of Bathrut {rPois rC+++ MR- SInv}
rCorr    .         Harm     .   P - +2 pair of gloves
MR       ++++.                  Y - +2 pair of boots
Stlth    ..........             k - amulet "Eheenogh" {Faith rC+}
HPRegen  1.43/turn              B - +4 ring of evasion
MPRegen  0.16/turn              a - ring of protection from magic

@: regenerating
A: retaliatory headbutt, horns 2
}: 2/15 runes: decaying, gossamer
a: Berserk, Trog's Hand, Brothers in Arms, Renounce Religion, Evoke Blink


You were on level 1 of the Vaults.
You worshipped Trog.
Trog was extremely pleased with you.
You were hungry.

You visited 8 branches of the dungeon, and saw 35 of its levels.
You visited the Abyss 1 time.
You also visited: Gauntlet.

You collected 3310 gold pieces.
You spent 1055 gold pieces at shops.

Inventory:

Hand Weapons
 n - a +4 antimagic battleaxe
 p - the +7 battleaxe "Spiderbane" (weapon) {flame, MR+ Dex+5 Stlth-}
   (Trog gifted it to you on level 1 of the Elven Halls)

   It has been specially enchanted to burn those struck by it, causing extra
   injury to most foes and up to half again as much damage against particularly
   susceptible opponents.
   Big, fiery blades are also staple armaments of hydra-hunters.
   It affects your dexterity (+5).
   It affects your resistance to hostile enchantments.
   It makes you less stealthy.
 q - a +5 battleaxe of protection
Armour
 f - a +0 plate armour of poison resistance
 A - the +8 chain mail of Goqef (worn) {+Blink Int+2}
   (You found it on level 2 of the Elven Halls)

   It affects your intelligence (+2).
   It lets you blink.
 I - the +0 cloak of Bathrut (worn) {rPois rC+++ MR- SInv}
   (You found it on level 9 of the Dungeon)

   It renders you almost immune to cold.
   It protects you from poison.
   It affects your resistance to hostile enchantments.
   It lets you see invisible.
 N - the +8 chain mail "Orav Ebu" {rC++ Str+3}
   (You found it on level 11 of the Dungeon)

   It affects your strength (+3).
   It greatly protects you from cold.
 P - a +2 pair of gloves (worn)
 Y - a +2 pair of boots (worn)
Jewellery
 a - a ring of protection from magic (right hand)
 k - the amulet "Eheenogh" (around neck) {Faith rC+}
   (You found it on level 15 of the Dungeon)

   [amulet of faith]

   It allows you to gain divine favour quickly.
   It protects you from cold.
 o - an uncursed ring of see invisible
 s - an uncursed ring of protection from fire
 w - an uncursed ring of ice
 x - a +6 ring of strength
 B - a +4 ring of evasion (left hand)
 D - an uncursed ring of protection from cold
 J - an uncursed amulet of regeneration
 X - a +4 ring of evasion
Wands
 O - a wand of flame (12)
Scrolls
 b - a scroll of torment
 d - 2 scrolls of blinking
 e - a scroll of fear
 h - 14 scrolls of remove curse
 i - a scroll of holy word
 t - a scroll of summoning
 y - 2 scrolls of enchant armour
 F - 10 scrolls of teleportation
 G - 3 scrolls of brand weapon
 K - 2 scrolls of silence
 Q - 2 scrolls of enchant weapon
 R - 3 scrolls of fog
 S - a scroll of identify
 V - a scroll of magic mapping
 W - 4 scrolls of vulnerability
Potions
 g - 4 potions of stabbing
 j - 4 potions of haste
 l - 2 potions of invisibility
 m - 3 potions of magic
 r - 4 potions of mutation
 u - 3 potions of cancellation
 v - 6 potions of ambrosia
 z - a potion of heal wounds
 C - 6 potions of might
 E - 4 potions of flight
 L - 11 potions of curing
 M - 3 potions of resistance
 U - 5 potions of lignification
Comestibles
 c - 21 rations
 H - 5 chunks of flesh


   Skills:
 * Level 24.9 Fighting
 + Level 19.0 Axes
 + Level 18.8 Armour
 + Level 17.6 Dodging


You had 18 spell levels left.
You didn't know any spells.
Your spell library was empty.

Dungeon Overview and Level Annotations

Branches:
Dungeon (15/15)            Temple (1/1) D:7            Lair (6/6) D:9
  Swamp (4/4) Lair:4       Spider (4/4) Lair:4        Slime (0/5) Lair:6
    Orc (2/2) D:11            Elf (2/3) Orc:2        Vaults (1/5) D:14
 Depths (0/5) D:15        Gauntlet (visited)

Altars:
Ashenzari
Cheibriados
Dithmenos
Elyvilon
Fedhas
Gozag
Hepliaklqana
Kikubaaqudgha
Makhleb
Nemelex Xobeh
Okawaru
Qazlal
Ru
Sif Muna
Trog
Uskayaw
Vehumet
Wu Jian
Xom
Yredelemnul
Zin
The Shining One
Beogh

Shops:
D:7 *[   Orc:2 :}[*   Elf:2 }

Annotations:
D:14 1 runed translucent door
Lair:4 exclusion: oklob plant
Vaults:1 Nikola


Innate Abilities, Weirdness & Mutations

You reflexively headbutt those who attack you in melee.
You have a pair of horns on your head.


Message History

Your troll barely misses the battlesphere.
Your troll claws the battlesphere!
The ironbrand convoker begins to recite a word of recall!
Nikola mumbles some strange words.
You hear a mighty clap of thunder!
The lightning arc hits you!!!
* * * LOW HITPOINT WARNING * * *
The lightning arc hits Nikola.
The lightning arc hits you!!
* * * LOW HITPOINT WARNING * * *
The lightning arc hits your troll!! The lightning arc hits you!
* * * LOW HITPOINT WARNING * * *
Okay, then.
Unknown command.
You blink.
You feel slightly more hungry.
Your troll bites the battlesphere!!
The battlesphere is destroyed!
Nikola asks, "Are you insulated?"
Nikola casts a spell.
You hear a mighty clap of thunder!
The lightning arc hits you!!
You die...

############ #
#..........#
#..###).........#
#opQ(@..(T....#
#.W#...@☼.....# ####
#..###...§......########
...# #.
#..........'......# ##(#
.. #..........'.......
'..# #.
#..........#.....). #(.#
# #..........##..#''#
##'# #############..#..#
...# #..#..#


You could see Nikola (strong), a tengu reaver (strong), an ironbrand convoker
(chanting recall), a freezing wraith, an orc (strong) and a friendly troll
(summoned, berserk).

Vanquished Creatures
  Saint Roka (Vaults:1)
  The ghost of Xihoome the Slayer, a veteran MiGl of Okawaru (Elf:2)
  The ghost of Ugory the Peltast, a veteran DDFi of Elyvilon (Elf:2)
  Arachne (Spider:4)
  Jorgrun (Spider:1)
  The ghost of WiseOSalty the Warrior, an adept DsFi of Qazlal (Elf:2)
  The ghost of Fonel the Unseen, an adept NaBe of Trog (Elf:2)
  A deep elf blademaster (Elf:2)
  Rupert (Lair:6)
  Agnes (Elf:1)
  Kirke (D:15)
  Louise (Spider:2)
  A frost giant (D:15)
  3 vault wardens (Vaults:1)
  The ghost of Eghekk the Brawler, a journeyman TrFi of Okawaru (Elf:2)
  An orc warlord (Orc:2)
  7 emperor scorpions
  5 deep elf sorcerers
  A deep elf elementalist (Elf:2)
  5 ghost moths
  4 very ugly things
  The ghost of Xoodymo the Severer, a journeyman MiBe of Trog (Elf:2)
  An entropy weaver (Spider:3)
  A deep elf annihilator (Elf:2)
  A minotaur (Gauntlet)
  A spark wasp (Spider:4)
  Snorg (D:12)
  The ghost of toph the Basher, a journeyman GrFi of the Shining One (Lair:2)
  3 death oozes
  2 green deaths (Swamp:4)
  A great orb of eyes (D:14)
  2 fire dragons (D:15)
  Harold (D:9)
  22 hydras
  A hell beast (Swamp:4)
  An ice dragon (D:15)
  6 vault guards
  3 centaur warriors
  3 shambling mangroves
  A death knight (D:14)
  An ogre mage (D:15)
  12 two-headed ogres
  26 dancing weapons
  9 alligators
  8 death scarabs (Spider:4)
  Urug (D:12)
  A queen ant (Spider:4)
  A thrashing horror (Swamp:4)
  4 orc high priests (Orc:2)
  21 deep elf knights
  3 tengu warriors
  A fire crab (D:14)
  A spriggan druid (Swamp:4)
  5 unseen horrors
  A wizard (D:14)
  A sea snake (shapeshifter) (D:15)
  5 spectral wolf spiders (Spider:4)
  A glowing orange brain (Vaults:1)
  5 swamp dragons (Swamp:4)
  A necromancer (D:14)
  2 ironbrand convokers (Vaults:1)
  7 deep elf archers
  Pikel (D:4)
  8 orb spiders
  7 orc knights
  27 wolf spiders
  6 orc sorcerers
  43 deep elf magi
  4 cyclopes
  3 manticores
  18 ugly things
  3 vault sentinels (Vaults:1)
  2 moths of wrath (Spider:1)
  A naga mage (Vaults:1)
  3 black mambas
  2 torpor snails
  28 spiny frogs
  3 gargoyles
  A rime drake (Lair:6)
  A komodo dragon (shapeshifter) (D:14)
  15 demonic crawlers
  A redback zombie (Spider:4)
  2 kobold demonologists
  A rime drake (shapeshifter) (Elf:1)
  5 spectral redbacks (Spider:4)
  2 freezing wraiths
  10 yaktaurs
  7 komodo dragons
  A harpy zombie (D:14)
  32 jumping spiders
  2 tengu conjurers (D:15)
  13 tyrant leeches
  13 trolls
  4 spectral jumping spiders (Spider:4)
  A jumping spider zombie (Spider:4)
  5 spectral tarantellas (Spider:4)
  A slime creature (shapeshifter) (D:14)
  Prince Ribbit (D:8)
  A harpy skeleton (D:14)
  16 hornets
  37 blink frogs
  9 bog bodies
  A tarantella zombie (Spider:4)
  22 slime creatures
  A raiju (Gauntlet)
  11 hippogriffs
  A meliai zombie (D:12)
  A centaur simulacrum (Gauntlet)
  7 shadows
  11 tarantellas
  46 redbacks
  2 air elementals (Elf:2)
  9 spriggans
  3 water elementals
  19 humans
  A vampire (D:13)
  7 hogs
  3 wraiths
  3 wyverns
  A hog (shapeshifter) (D:15)
  25 yaks
  2 basilisks (D:15)
  A fire elemental (Elf:1)
  3 steam dragons
  19 vampire mosquitoes
  3 hungry ghosts
  A redback simulacrum (D:15)
  15 swamp worms
  9 insubstantial wisps
  13 wargs
  An acid dragon (Vaults:1)
  20 soldier ants (Spider:4)
  11 water moccasins
  8 porcupines
  2 spectral hornets (Spider:4)
  A phantom (D:11)
  2 slaves (D:4)
  A meliai simulacrum (Gauntlet)
  53 orc warriors
  A black bear (Lair:2)
  12 swamp drakes
  5 ice beasts
  A necrophage (D:15)
  2 hornet zombies (Spider:4)
  18 ogres
  A sky beast (D:11)
  6 wolves (Lair:3)
  8 centaurs
  17 crocodiles
  20 bullfrogs
  A wyvern zombie (D:12)
  A spiny frog simulacrum (Gauntlet)
  4 earth elementals
  A wyvern skeleton (D:6)
  4 scorpions
  8 killer bees
  13 wights
  7 howler monkeys
  2 electric eels
  6 crimson imps
  6 centaur zombies
  2 bullfrog zombies
  6 centaur skeletons
  3 jellies
  10 hounds
  30 orc priests
  3 bullfrog skeletons
  22 orc wizards
  2 hell rats (Lair:2)
  Natasha (twice) (D:4)
  6 iguanas
  25 worker ants
  A bullfrog simulacrum (Gauntlet)
  A hound zombie (D:7)
  A hound skeleton (D:4)
  A worker ant zombie (D:8)
  Robin (D:4)
  9 gnolls
  11 adders
  9 river rats (Lair:2)
  4 shadow imps
  3 adder skeletons
  2 adder zombies
  3 worms
  4 dart slugs
  9 leopard geckos
  102 orcs
  9 bats
  5 giant cockroaches
  8 goblins
  11 hobgoblins
  8 jackals
  5 quokkas
  2 ball pythons
  3 frilled lizards
  7 kobolds
  A quokka skeleton (D:8)
  A quokka zombie (D:8)
  6 rats
  3 plants
1374 creatures vanquished.

Vanquished Creatures (collateral kills)
  The ghost of Dataggej the Executioner, an adept MiBe of Trog (Elf:2)
  Frances (D:12)
  A thorn hunter (Swamp:2)
  A frost giant (D:14)
  A ghost moth (Spider:4)
  2 entropy weavers (Spider:4)
  2 hydras
  An alligator (Swamp:2)
  A wizard (D:14)
  A harpy (D:14)
  A wolf spider zombie (Spider:4)
  A moth of wrath (Spider:4)
  An orb spider (Spider:1)
  A deep elf mage (D:14)
  A spiny frog (Lair:6)
  A komodo dragon (Lair:1)
  A demonic crawler (Spider:1)
  2 jumping spiders (Spider:4)
  A hornet (Spider:4)
  A spectral jumping spider (Spider:4)
  A slime creature (D:14)
  A hippogriff (Lair:6)
  4 tarantellas
  A vampire (D:14)
  A shadow (Swamp:2)
  A hungry ghost (D:14)
  A redback simulacrum (D:14)
  2 spectral hornets (Spider:4)
  A swamp drake (Swamp:2)
  A big kobold (D:14)
  2 bullfrogs
  2 hounds
41 creatures vanquished.

Vanquished Creatures (others)
  A demonic crawler (Spider:1)
  An orc warrior (Vaults:1)
  An orc priest (Orc:2)
  An orc wizard (Orc:1)
  A bush (Lair:6)
  13 demonic plants (Gauntlet)
  16 fungi
  56 plants
90 creatures vanquished.

Grand Total: 1505 creatures vanquished

Notes
Turn   | Place    | Note
-------+----------+-------------------------------------------
     0 | D:1      | sfoobar the Minotaur Berserker began the quest for the Orb.
     0 | D:1      | Reached XP level 1. HP: 19/19 MP: 0/0
   418 | D:1      | Reached XP level 2. HP: 27/27 MP: 1/1
   707 | D:1      | Reached skill level 4 in Fighting
  1072 | D:2      | Reached XP level 3. HP: 26/33 MP: 2/2
  1496 | D:2      | Reached XP level 4. HP: 41/41 MP: 3/3
  1862 | D:2      | Reached ** piety under Trog
  1975 | D:2      | Reached skill level 5 in Fighting
  2540 | D:2      | Reached XP level 5. HP: 18/48 MP: 4/4
  3338 | D:3      | Found an iron altar of Okawaru.
  3543 | D:4      | Reached XP level 6. HP: 48/57 MP: 5/5
  3679 | D:4      | Noticed a slave
  3679 | D:4      | Noticed a slave
  3680 | D:4      | Noticed Pikel
  3680 | D:4      | Noticed a slave
  3681 | D:4      | Noticed a slave
  3688 | D:4      | Killed a slave
  3691 | D:4      | Killed a slave
  3692 | D:4      | Killed Pikel
  3692 | D:4      | Reached skill level 7 in Fighting
  3692 | D:4      | Reached skill level 5 in Axes
  3692 | D:4      | Reached skill level 5 in Armour
  3692 | D:4      | Reached XP level 7. HP: 66/66 MP: 6/6
  3790 | D:4      | You fall into a shaft and drop 3 floors!
  3790 | D:7      | Found Ozomp's Armour Emporium.
  3821 | D:5      | Entered Level 5 of the Dungeon
  3855 | D:4      | Noticed Natasha
  3860 | D:4      | Killed Natasha
  4009 | D:4      | Noticed Robin
  4011 | D:4      | Reached *** piety under Trog
  4022 | D:4      | Killed Robin
  4607 | D:4      | Noticed Natasha
  4615 | D:4      | Killed Natasha
  4734 | D:5      | Reached skill level 8 in Fighting
  4734 | D:5      | Reached skill level 5 in Dodging
  4734 | D:5      | Reached XP level 8. HP: 50/74 MP: 7/7
  6201 | D:6      | Got a polished leather armour
  6212 | D:6      | Identified the +3 leather armour of the Camelopard {rElec
                  | rC+ rCorr Int-4} (You found it on level 6 of the Dungeon)
  6212 | D:6      | Lost intelligence.
  6596 | D:7      | Found a glowing golden altar of the Shining One.
  6632 | D:7      | Found Pelauf's General Store.
  6658 | D:7      | Reached skill level 9 in Fighting
  6786 | D:7      | Found a staircase to the Ecumenical Temple.
  6800 | D:7      | Reached XP level 9. HP: 79/84 MP: 8/8
  6810 | Temple   | Entered the Ecumenical Temple
  7200 | D:7      | Reached skill level 10 in Fighting
  7468 | D:7      | Reached **** piety under Trog
  7566 | D:8      | Noticed Prince Ribbit
  8014 | D:8      | Killed Prince Ribbit
  8021 | D:8      | Reached skill level 11 in Fighting
  8409 | D:8      | Noticed a two-headed ogre
  8418 | D:8      | Killed a two-headed ogre
  8418 | D:8      | Reached XP level 10. HP: 96/96 MP: 9/9
  8729 | D:9      | Noticed a two-headed ogre
  8737 | D:9      | Killed a two-headed ogre
  8792 | D:9      | Got a polished cloak
  8813 | D:9      | Identified the +0 cloak of Bathrut {rPois rC+++ MR- SInv}
                  | (You found it on level 9 of the Dungeon)
  9009 | D:9      | Reached skill level 12 in Fighting
  9187 | D:9      | Noticed Harold
  9209 | D:9      | Killed Harold
  9453 | D:9      | Found a staircase to the Lair.
  9723 | D:10     | Entered Level 10 of the Dungeon
  9838 | D:10     | Reached ***** piety under Trog
 10842 | D:10     | Reached XP level 11. HP: 102/106 MP: 10/10
 10950 | Lair:1   | Entered Level 1 of the Lair of Beasts
 10962 | Lair:1   | Reached skill level 13 in Fighting
 11107 | Lair:1   | Reached skill level 10 in Axes
 12039 | Lair:2   | Reached skill level 10 in Armour
 12394 | Lair:2   | Reached skill level 14 in Fighting
 13064 | Lair:2   | Found a runed translucent door.
 13067 | Lair:2   | Noticed toph's ghost (journeyman GrFi)
 13086 | Lair:2   | Killed toph's ghost
 13609 | Lair:3   | Reached skill level 10 in Dodging
 13609 | Lair:3   | Reached XP level 12. HP: 94/118 MP: 11/11
 14310 | Lair:3   | Reached skill level 15 in Fighting
 15074 | Lair:4   | Found a hole to the Spider Nest.
 15428 | Lair:4   | Noticed a six-headed hydra
 15444 | Lair:4   | Killed a nine-headed hydra
 15570 | Lair:4   | Noticed an eight-headed hydra
 15578 | Lair:4   | Killed a 12-headed hydra
 15622 | Lair:4   | Noticed an eight-headed hydra
 16020 | Lair:4   | Killed a 13-headed hydra
 16097 | Lair:4   | Found a staircase to the Swamp.
 16657 | Lair:5   | Noticed a four-headed hydra
 16677 | Lair:5   | Killed a nine-headed hydra
 16677 | Lair:5   | Reached skill level 16 in Fighting
 17167 | Lair:6   | Entered Level 6 of the Lair of Beasts
 17264 | Lair:6   | Noticed a four-headed hydra
 17276 | Lair:6   | Killed an eight-headed hydra
 17276 | Lair:6   | Reached XP level 13. HP: 102/128 MP: 12/12
 18685 | Lair:6   | Received a gift from Trog
 18927 | Lair:6   | Reached skill level 17 in Fighting
 19607 | Lair:6   | Noticed Rupert
 19648 | Lair:6   | Killed Rupert
 19804 | Lair:6   | Found a staircase to the Slime Pits.
 20355 | D:7      | Bought the +2 robe "Simpi" {Regen+ Str+4} for 287 gold
                  | pieces
 20355 | D:7      | Bought a scroll of identify for 22 gold pieces
 20355 | D:7      | Bought a scroll of enchant weapon for 82 gold pieces
 20448 | D:11     | Got an ichor-stained chain mail
 20459 | D:11     | Identified the +8 chain mail "Orav Ebu" {rC++ Str+3} (You
                  | found it on level 11 of the Dungeon)
 20917 | D:11     | You fall into a shaft and drop 2 floors!
 20924 | D:13     | Reached XP level 14. HP: 138/140 MP: 13/13
 21216 | D:12     | Noticed Frances
 21329 | D:12     | Noticed Snorg
 21335 | D:12     | Killed Snorg
 21371 | D:12     | Found a flagged portal.
 21623 | D:11     | Found a staircase to the Orcish Mines.
 21630 | Orc:1    | Entered Level 1 of the Orcish Mines
 21645 | Orc:1    | Reached skill level 18 in Fighting
 21959 | Orc:2    | Entered Level 2 of the Orcish Mines
 22032 | Orc:2    | Received a gift from Trog
 22889 | Orc:2    | Found a roughly hewn altar of Beogh.
 22957 | Orc:2    | Found Maschounn's General Store.
 22964 | Orc:2    | Bought a scroll of identify for 30 gold pieces
 22964 | Orc:2    | Bought a scroll of enchant armour for 112 gold pieces
 22964 | Orc:2    | Bought a scroll of identify for 30 gold pieces
 22977 | Orc:2    | Found Nalymmy's Antique Armour Shop.
 22988 | Orc:2    | Bought a masterwork chain mail for 275 gold pieces
 22988 | Orc:2    | Bought a pair of glowing gloves for 217 gold pieces
 23020 | Orc:2    | Identified the +6 chain mail of Iwaum {Int+4} (You bought
                  | it in a shop on level 2 of the Orcish Mines)
 23562 | Orc:2    | Found a staircase to the Elven Halls.
 23714 | Orc:2    | Noticed an orc warlord
 23737 | Orc:2    | Killed an orc warlord
 24209 | Orc:2    | Found Omyint's Book Shop.
 24228 | Orc:2    | Found a roughly hewn altar of Beogh.
 24244 | Orc:2    | Found Zaf Wufy's Gadget Boutique.
 25043 | Elf:1    | Entered Level 1 of the Elven Halls
 25064 | Elf:1    | Noticed a deep elf sorcerer
 25277 | Elf:1    | Killed a deep elf sorcerer
 25503 | Elf:1    | Noticed a deep elf sorcerer
 25509 | Elf:1    | Killed a deep elf sorcerer
 25509 | Elf:1    | Reached skill level 19 in Fighting
 26054 | Elf:1    | Reached XP level 15. HP: 143/152 MP: 14/14
 26091 | Elf:1    | Received a gift from Trog
 26094 | Elf:1    | Got a crystal battleaxe {god gift}
 26095 | Elf:1    | Identified the +7 battleaxe "Spiderbane" {flame, MR+ Dex+5
                  | Stlth-} (Trog gifted it to you on level 1 of the Elven
                  | Halls)
 27209 | D:12     | Noticed Urug
 27219 | D:12     | Killed Urug
 27430 | D:12     | Killed Frances
 28553 | D:14     | Found a gate leading to a gauntlet.
 28584 | D:14     | Reached skill level 15 in Axes
 28620 | Gauntlet | Entered a Gauntlet
 28620 | Gauntlet | Found a transporter.
 28630 | Gauntlet | Found a transporter.
 28645 | Gauntlet | Found a transporter.
 28650 | Gauntlet | Found a transporter.
 28666 | Gauntlet | Found the +12 glaive of Prune {vorpal}
 28669 | Gauntlet | Found a transporter.
 28684 | Gauntlet | Found a transporter.
 28696 | Gauntlet | Found a transporter.
 28702 | Gauntlet | Found a transporter.
 28717 | Gauntlet | Found a transporter.
 28725 | Gauntlet | Found a large runed translucent door.
 28726 | Gauntlet | Found a large runed translucent door.
 28727 | Gauntlet | Found a large runed translucent door.
 28727 | Gauntlet | Found a large runed translucent door.
 28728 | Gauntlet | Found a runed translucent gate.
 28729 | Gauntlet | Found a transporter.
 28729 | Gauntlet | Found a runed translucent gate.
 28730 | Gauntlet | Found a runed translucent gate.
 28731 | Gauntlet | Found a large runed translucent door.
 28731 | Gauntlet | Found a large runed translucent door.
 28731 | Gauntlet | Found a runed translucent door.
 28731 | Gauntlet | Found a runed translucent door.
 28732 | Gauntlet | Found a large runed translucent door.
 28733 | Gauntlet | Found a large runed translucent door.
 28735 | Gauntlet | Found a transporter.
 28735 | Gauntlet | Found a transporter.
 28737 | Gauntlet | Found a transporter.
 28746 | Gauntlet | Found a large runed translucent door.
 28746 | Gauntlet | Found a large runed translucent door.
 28747 | Gauntlet | Found a large runed translucent door.
 28748 | Gauntlet | Found a large runed translucent door.
 28756 | Gauntlet | Found a transporter.
 28758 | Gauntlet | Found a large runed translucent door.
 28758 | Gauntlet | Found a large runed translucent door.
 28759 | Gauntlet | Found a large runed translucent door.
 28760 | Gauntlet | Found a large runed translucent door.
 28762 | Gauntlet | Found a transporter.
 28801 | Gauntlet | Found a transporter.
 28831 | Gauntlet | Found a transporter.
 28834 | Gauntlet | Found a transporter.
 29097 | Gauntlet | Reached skill level 20 in Fighting
 29115 | Gauntlet | Identified the Compendium of Torrid Intoxication
 29228 | D:14     | Reached skill level 15 in Armour
 29454 | D:14     | Found a gate to the Vaults.
 29597 | D:14     | Found a runed translucent door.
 29597 | D:14     | Noticed a frost giant
 29690 | D:14     | Found a blossoming altar of Fedhas.
 29727 | D:14     | Received a gift from Trog
 29829 | D:14     | Found a runed translucent door.
 29830 | D:14     | Found a runed translucent door.
 29836 | D:14     | Killed a frost giant
 30009 | D:14     | Identified the +1 robe of the Game Afoot {Harm rElec rC+}
 30013 | D:14     | Reached XP level 16. HP: 146/165 MP: 15/15
 30402 | D:15     | Entered Level 15 of the Dungeon
 30415 | D:15     | Noticed Kirke
 30427 | D:15     | Killed Kirke
 30435 | D:15     | Got a vibrating ruby amulet
 30437 | D:15     | Identified the amulet "Eheenogh" {Faith rC+} (You found it
                  | on level 15 of the Dungeon)
 30591 | D:15     | Reached ****** piety under Trog
 30635 | D:15     | Identified a scroll of acquirement
 30636 | D:15     | Acquired a manual of Dodging
 31275 | D:15     | Received a gift from Trog
 31277 | D:15     | Reached skill level 21 in Fighting
 31463 | D:15     | Found a staircase to the Depths.
 32078 | Swamp:1  | Entered Level 1 of the Swamp
 33158 | Swamp:2  | Reached skill level 15 in Dodging
 33227 | Swamp:2  | Noticed a thorn hunter
 33233 | Swamp:2  | Killed a thorn hunter
 33321 | Swamp:2  | Received a gift from Trog
 34217 | Swamp:3  | Reached XP level 17. HP: 133/174 MP: 16/16
 34999 | Swamp:4  | Entered Level 4 of the Swamp
 35014 | Swamp:4  | Received a gift from Trog
 35374 | Swamp:4  | Reached skill level 22 in Fighting
 35786 | Swamp:4  | Received a gift from Trog
 36036 | Swamp:4  | Got a decaying rune of Zot
 36441 | Spider:1 | Entered Level 1 of the Spider Nest
 37301 | Spider:1 | Noticed Jorgrun
 37315 | Spider:1 | Killed Jorgrun
 37679 | Spider:2 | Received a gift from Trog
 37682 | Spider:2 | Got a scorched hand axe {god gift}
 37683 | Spider:2 | Identified the +1 hand axe "Quefitta" {vorpal, rPois rF-
                  | SInv} (Trog gifted it to you on level 2 of the Spider Nest)
 38071 | Spider:2 | Noticed Louise
 38084 | Spider:2 | Cast into level 2 of the Abyss (Louise)
 38108 | Spider:2 | Escaped the Abyss
 38115 | Spider:2 | Killed Louise
 38274 | Spider:2 | Reached XP level 18. HP: 164/187 MP: 17/17
 39008 | Spider:3 | Received a gift from Trog
 39035 | Spider:3 | Reached skill level 23 in Fighting
 40420 | Spider:4 | Entered Level 4 of the Spider Nest
 40693 | Spider:4 | Noticed Arachne
 40708 | Spider:4 | Killed Arachne
 41539 | Spider:4 | Received a gift from Trog
 41926 | Spider:4 | Got a masterwork scale mail
 41947 | Spider:4 | Identified the +4 scale mail "Ritseups" {-Tele Str+6 Int+3}
                  | (You found it on level 4 of the Spider Nest)
 42538 | Spider:4 | Got a gossamer rune of Zot
 43632 | Elf:1    | Noticed Agnes
 43636 | Elf:1    | Killed Agnes
 43681 | Elf:2    | Reached XP level 19. HP: 187/198 MP: 18/18
 43755 | Elf:2    | Found Ecasor's Gadget Shop.
 43760 | Elf:2    | Found a huge runed gate.
 43760 | Elf:2    | Found a huge runed gate.
 43760 | Elf:2    | Found a huge runed gate.
 43761 | Elf:2    | Found a huge runed gate.
 43762 | Elf:2    | Found a huge runed gate.
 43791 | Elf:2    | Reached skill level 24 in Fighting
 43797 | Elf:2    | Received a gift from Trog
 44225 | Elf:2    | Found a runed translucent gate.
 44227 | Elf:2    | Found a runed translucent gate.
 44230 | Elf:2    | Found a runed translucent gate.
 44496 | Elf:2    | Found a huge runed gate.
 44496 | Elf:2    | Found a huge runed gate.
 44496 | Elf:2    | Found a huge runed gate.
 44496 | Elf:2    | Found a huge runed gate.
 44496 | Elf:2    | Found a huge runed gate.
 44496 | Elf:2    | Found a huge runed gate.
 44497 | Elf:2    | Found a huge runed gate.
 44500 | Elf:2    | Found a huge runed gate.
 44501 | Elf:2    | Found a huge runed gate.
 44521 | Elf:2    | Found a huge runed gate.
 44521 | Elf:2    | Found a huge runed gate.
 44521 | Elf:2    | Found a huge runed gate.
 44521 | Elf:2    | Found a huge runed gate.
 44521 | Elf:2    | Found a huge runed gate.
 44521 | Elf:2    | Found a huge runed gate.
 44521 | Elf:2    | Found a huge runed gate.
 44540 | Elf:2    | Found a huge runed gate.
 44541 | Elf:2    | Found a huge runed gate.
 44542 | Elf:2    | Found a huge runed gate.
 44872 | Elf:2    | Received a gift from Trog
 45073 | Elf:2    | Noticed WiseOSalty's ghost (adept DsFi)
 45073 | Elf:2    | Noticed Eghekk's ghost (journeyman TrFi)
 45073 | Elf:2    | Noticed Xihoome's ghost (veteran MiGl)
 45073 | Elf:2    | Noticed Fonel's ghost (adept NaBe)
 45074 | Elf:2    | Noticed Ugory's ghost (veteran DDFi)
 45074 | Elf:2    | Noticed Dataggej's ghost (adept MiBe)
 45074 | Elf:2    | Noticed Xoodymo's ghost (journeyman MiBe)
 45092 | Elf:2    | Killed Ugory's ghost
 45099 | Elf:2    | Killed Eghekk's ghost
 45156 | Elf:2    | Killed Xihoome's ghost
 45511 | Elf:2    | Killed Fonel's ghost
 45714 | Elf:2    | Killed Dataggej's ghost
 46041 | Elf:2    | Killed Xoodymo's ghost
 46098 | Elf:2    | Killed WiseOSalty's ghost
 46111 | Elf:2    | Identified the Tome of the Mountains and Moulding
 46124 | Elf:2    | Got a heavily runed chain mail
 46135 | Elf:2    | Identified the +8 chain mail of Goqef {+Blink Int+2} (You
                  | found it on level 2 of the Elven Halls)
 46444 | Vaults:1 | Entered Level 1 of the Vaults
 46800 | Vaults:1 | Noticed Saint Roka
 46825 | Vaults:1 | Killed Saint Roka
 47506 | Vaults:1 | Noticed Nikola
 47522 | Vaults:1 | Killed from afar by Nikola

Illustrated notes

Levels and vault maps discovered:
D:1:      lemuel_arrival_lava_pool, layout_basic
D:2:      layout_loops_ring
D:3:      layout_loops_ring, okawaru_altar_gauntlet_db
D:4:      cheibrodos_old_hovel, layout_basic, first_ration, uniq_robin,
          uniq_natasha, uniq_pikel
D:5:      layout_loops_ring
D:6:      layout_loops_ring
D:7:      layout_rooms, minmay_temple_entry_antechambers,
          nicolae_ossuary_entry_monument, serial_shops, shop,
          kennysheep_little_box, grunt_livestock, nicolae_tso_swordbearing_angel
D:8:      layout_gridville, onia_ninara_dug_in_and_dangerous,
          uniq_prince_ribbit1
D:9:      layout_irregular_city, dpeg_oklobed_lair, uniq_harold
D:10:     layout_basic
D:11:     layout_long_grid, orc_0_dummy
D:12:     layout_irregular_city, enter_bailey_2, uniq_urug, uniq_frances,
          uniq_snorg
D:13:     layout_long_grid
D:14:     minmay_the_grid_triangle_9x9_recursive_3
          [minmay_the_grid_triangle_9x9_negative_grid,
          minmay_the_grid_triangle_9x9_cache,
          minmay_the_grid_triangle_9x9_zippers_vertical,
          minmay_the_grid_triangle_9x9_prize_schism,
          minmay_the_grid_triangle_9x9_swiss_cheese,
          minmay_the_grid_triangle_9x9_shrine,
          minmay_the_grid_triangle_9x9_from_above,
          minmay_the_grid_triangle_9x9_fully_insulated_deathbox,
          minmay_the_grid_triangle_9x9_flanged_cone], layout_cave_pools,
          grunt_vaults_entry_tiered, roderic_filled_cross,
          gauntlet_entry_generic
D:15:     grunt_enter_depths_hoard, layout_basic, chequers_garden,
          evilmike_minifort, uniq_kirke
Temple:   kilobyte_greek_temple
Lair:1:   layout_loops_ring, st_stairs_10
Lair:2:   layout_gridlike, hellmonk_ghost_happy_afterlife, kennysheep_rathole
Lair:3:   layout_cave_pods
Lair:4:   layout_loops_ring, palyth_hydra_swamp_entry,
          nicolae_spider_entry_tight_spaces
Lair:5:   layout_loops_ring
Lair:6:   minmay_lair_end_frog_pond, layout_long_grid, slime_dummy,
          serial_rivers, chequers_serial_rivers_micro_c,
          chequers_serial_rivers_micro_b, chequers_serial_rivers_small_a,
          chequers_serial_rivers_small_3, nicolae_quartered_pool_little,
          serial_bayou_pond_b, uniq_rupert
Swamp:1:  layout_basic_swamp, nicolae_swamp_very_dense_foliage
Swamp:2:  layout_basic_swamp, evilmike_swamp_ruin_wall, swamp_pool1
Swamp:3:  layout_falls_marsh, evilmike_swamp_ruin_house_6
Swamp:4:  swamp_vile, layout_basic_swamp, swamp_pool1,
          nicolae_swamp_feature_on_the_river_bank
Spider:1: layout_spider_delve, uniq_jorgrun
Spider:2: layout_spider_delve, uniq_louise
Spider:3: layout_spider_delve
Spider:4: floodkiller_spider_rune_tomb, zaba_antful_of_joy, uniq_arachne
Orc:1:    layout_diamond_mine
Orc:2:    pubby_orc_utopia
Elf:1:    eino_elf_arrival_shootout, layout_geoelf_grid, minivault_28,
          hex_intersection, due_unseen_surprise, uniq_agnes
Elf:2:    layout_geoelf_diagonals, gammafunk_ghost_door_vault, serial_shops,
          shop
Vaults:1: v_misc_11, v_rooms_3, grunt_tower_of_power, vaults_room_pools,
          hangedman_vaults_snaps, hangedman_vaults_maws,
          nicolae_vaults_little_squares_1, vaults_room_stairs_pillars,
          nicolae_vaults_mini_display_case, vaults_mumra_minichess_inversion,
          layout_vaults_omnibox, uniq_nikola, uniq_saint_roka

Skill      XL: |  1  2  3  4  5  6  7  8  9 10 11 12 13 14 15 16 17 18 19 |
---------------+----------------------------------------------------------+-----
Fighting       | 4 5 7 8 9 11 12 14 16 17 19 20 21 22 23 24 | 24.9
Axes           | 4 5 6 7 8 9 11 12 13 14 15 16 17 18 19 | 19.0
Armour         | 3 4 5 6 8 9 10 12 13 14 15 16 17 18 | 18.8
Dodging        | 3 4 5 6 7 8 10 11 12 13 14 15 16 17 | 17.6

Action                   |  1- 3 |  4- 6 |  7- 9 | 10-12 | 13-15 | 16-18 | 19-21 || total
-------------------------+-------+-------+-------+-------+-------+-------+-------++-------
Melee: Hand axe          |    97 |    57 |       |       |       |       |       ||   154
       Headbutt          |    12 |    16 |    42 |   118 |   225 |   274 |   117 ||   804
       War axe           |       |    35 |   236 |   551 |       |       |       ||   822
       Broad axe         |       |       |       |     8 |   128 |       |       ||   136
       Battleaxe         |       |       |       |       |   515 |   947 |   403 ||  1865
       Executioner's axe |       |       |       |       |   275 |       |       ||   275
Invok: Trog's Hand       |       |     1 |     1 |     5 |    11 |     9 |     7 ||    34
       Berserk           |       |     1 |     3 |     8 |     7 |     4 |     1 ||    24
       Brothers in Arms  |       |       |       |     3 |     4 |    12 |     7 ||    26
 Abil: Evoke Blink       |       |       |       |       |       |       |     1 ||     1
  Use: Scroll            |     1 |       |     6 |     8 |    24 |     9 |     3 ||    51
       Potion            |     2 |       |       |       |     5 |     1 |       ||     8
 Stab: Confused          |       |       |       |       |       |     1 |       ||     1
       Held in net/web   |       |       |       |       |       |     3 |       ||     3
       Distracted        |       |       |       |       |       |       |     6 ||     6
  Eat: Chunk             |     2 |     4 |     8 |    16 |    25 |     9 |     4 ||    68
       Ration            |       |     1 |     3 |     7 |     9 |    14 |     4 ||    38
Armor: Ring mail         |    33 |    17 |       |       |       |       |       ||    50
       Animal skin       |     1 |       |       |       |       |       |       ||     1
       Scale mail        |       |    17 |    65 |    41 |       |       |       ||   123
       Chain mail        |       |       |       |   152 |   315 |   556 |   117 ||  1140
Dodge: Dodged            |    56 |    82 |   198 |   567 |   919 |  1399 |   259 ||  3480
